 Dungeon Crawl Stone Soup version 0.28.0 (webtiles) character file.

Game seed: 7270587988456260604

904909 SnakkuSnakku7 the Metallomancer (level 27, -19/165 HPs)
             Began as a Demonspawn Fire Elementalist on Feb 19, 2022.
             Was an Initiate of Gozag.
             Demolished by Aji Rofi the pandemonium lord (27 damage)
             ... on level 17 of a ziggurat.
             The game lasted 03:28:08 (69577 turns).

SnakkuSnakku7 the Metallomancer (DsFE)             Turns: 69577, Time: 03:28:11

Health: -19/165    AC: 29    Str: 11    XL:     27
Magic:  16/71      EV: 23    Int: 29    God:    Gozag
Gold:   30018      SH: 16    Dex: 17    Spells: 3/76 levels left

rFire   + + +      SeeInvis .   b - staff of earth {!a}
rCold   + + +      Faith    .   J - +2 shield of Resistance {rF++ rC++ Will++}
rNeg    . . .      Spirit   .   B - +9 scale mail "Heosex" {rPois rC+}
rPois   +          Reflect  .   M - +3 hat of Pondering {ponderous, Will+ MP+10 Int+5}
rElec   .          Harm     .   Y - +1 cloak of Starlight {*Dazzle EV+4 Stlth--}
rCorr   .          Rampage  .   j - +3 Mad Mage's Maulers {Infuse+∞ RegenMP Int-3}
Will    +++++      Archmagi +   (boots unavailable)
Stlth   +.........              I - amulet of magic regeneration
HPRegen 0.37/turn               z - ring "Woschuha" {MP+9 EV+4}
MPRegen 1.22/turn               X - ring of the Mage {Wiz Archmagi}

@: mighty, hasted, studying 7 skills, very quick
A: hooves 3, hurl damnation, ignite blood 3, powered by pain 3, torment
resistance 1, sturdy frame 3, demonic willpower, antennae 1, thin skeletal
structure 1, cold resistance 1, fire resistance 1, [frail 2]
}: 4/15 runes: decaying, serpentine, slimy, silver
a: Hurl Damnation, Renounce Religion, Potion Petition, Call Merchant, Bribe
Branch


You were on level 17 of a ziggurat.
You worshipped Gozag.
Gozag was extremely pleased with you.
You visited 12 branches of the dungeon, and saw 57 of its levels.
You visited the Abyss 1 time.
You visited 1 bazaar.
You visited 2 ziggurats (completing 1), and saw 44 of their levels.
You also visited: Ice Cave, Volcano and Wizlab.

You collected 45212 gold pieces.
You spent 7656 gold pieces at shops.
You paid 7538 gold pieces to Gozag.

Inventory:

Hand Weapons
 a - the +0 staff of Battle {!a}
   (You found it on level 15 of a ziggurat)

   It enhances your conjuration magic.
   It summons a battlesphere in combat, with strength depending on Conjurations
   skill.
   Its strikes trigger the battlesphere's blasts.
Missiles
 y - 13 throwing nets
Armour
 h - the +2 hat "Hero's Friend" {Harm Rampage Dex+3 Slay-6}
   (You acquired it on level 7 of a ziggurat)

   Dex:       It affects your dexterity (+3).
   Slay:      It affects your accuracy & damage with ranged weapons and melee
   (-6).
   Harm:      It increases damage dealt and taken.
   Rampage:   It bestows one free step when moving towards enemies.
 i - a +2 pair of gloves of strength
 j - the +3 Mad Mage's Maulers (worn) {Infuse+∞ RegenMP Int-3}
   (You found it on level 27 of a ziggurat)

   It empowers its wearer's blows with all of their magic.
   It causes its wearer's magical reserves to regenerate more quickly.
   Int:       It affects your intelligence (-3).
 p - the +5 robe of Misfortune {Harm *Corrode *Slow EV+5}
   (You found it on level 14 of a ziggurat)

   EV:        It affects your evasion (+5).
   *Corrode:  It may corrode you when you take damage.
   *Slow:     It may slow you when you take damage.
   Harm:      It increases damage dealt and taken.
 B - the +9 scale mail "Heosex" (worn) {rPois rC+}
   (You found it on level 3 of the Realm of Zot)

   rC:        It protects you from cold.
   rPois:     It protects you from poison.
 J - the +2 shield of Resistance (worn) {rF++ rC++ Will++}
   (You bought it in a shop on level 2 of the Orcish Mines)

   rF:        It greatly protects you from fire.
   rC:        It greatly protects you from cold.
   Will:      It greatly increases your willpower.
 M - the +3 hat of Pondering (worn) {ponderous, Will+ MP+10 Int+5}
   (You found it on level 23 of a ziggurat)

   Int:       It affects your intelligence (+5).
   MP:        It affects your magic capacity (+10).
   Will:      It increases your willpower.
 Y - the +1 cloak of Starlight (worn) {*Dazzle EV+4 Stlth--}
   (You found it on level 3 of the Crypt)

   It may blind those who miss an attack against the wearer in melee combat.
   EV:        It affects your evasion (+4).
   Stlth:     It makes you much less stealthy.
Magical Staves
 b - a staff of earth (weapon) {!a}
Jewellery
 s - the ring "Mileuz" {rF++ Will+ rCorr}
   (You found it on level 5 of a ziggurat)

   [ring of resist corrosion]

   rF:        It greatly protects you from fire.
   rCorr:     It protects you from acid and corrosion.
   Will:      It increases your willpower.
 z - the ring "Woschuha" (left hand) {MP+9 EV+4}
   (You found it on level 12 of a ziggurat)

   [ring of evasion]

   EV:        It affects your evasion (+4).
   MP:        It affects your magic capacity (+9).
 E - the ring "Ymais" {rElec rPois rC+ Str+7 Dex-3}
   (You found it on level 24 of a ziggurat)

   [ring of protection from cold]

   Str:       It affects your strength (+7).
   Dex:       It affects your dexterity (-3).
   rC:        It protects you from cold.
   rElec:     It insulates you from electricity.
   rPois:     It protects you from poison.
 I - an amulet of magic regeneration (around neck)
 R - the ring of Ixyesch {rElec rC+ rN+ Str+5 Dex-4}
   (You found it on level 24 of a ziggurat)

   [ring of positive energy]

   Str:       It affects your strength (+5).
   Dex:       It affects your dexterity (-4).
   rC:        It protects you from cold.
   rElec:     It insulates you from electricity.
   rN:        It protects you from negative energy.
 T - the ring of the Genius {+Blink rC+ AC+4}
   (You found it on level 5 of the Pits of Slime)

   [ring of protection]

   AC:        It affects your AC (+4).
   rC:        It protects you from cold.
   +Blink:    It lets you blink.
 W - the ring of Jeev Gai {rF+ rC+ Str+3 Dex+6 SInv}
   (You found it on level 24 of a ziggurat)

   [ring of dexterity]

   Str:       It affects your strength (+3).
   Dex:       It affects your dexterity (+6).
   rF:        It protects you from fire.
   rC:        It protects you from cold.
   SInv:      It lets you see invisible.
 X - the ring of the Mage (right hand) {Wiz Archmagi}
   (You found it on level 3 of the Elven Halls)

   [ring of wizardry]

   It improves your spell success rate.
   Archmagi:  It increases the power of your magical spells.
Wands
 e - a wand of acid (13)
 r - a wand of polymorph (29)
 t - a wand of iceblast (23)
 G - a wand of paralysis (16)
 H - a wand of digging (22)
 L - a wand of charming (12)
 P - a wand of flame (64)
 V - a wand of mindburst (31)
Scrolls
 k - 18 scrolls of magic mapping
 u - 4 scrolls of summoning
 C - 12 scrolls of fog
 S - 20 scrolls of enchant armour
 U - 35 scrolls of teleportation
Potions
 c - 6 potions of brilliance
 d - 12 potions of attraction
 f - 13 potions of curing
 g - 7 potions of invisibility
 l - 2 potions of ambrosia
 n - 16 potions of flight
 o - 10 potions of cancellation
 q - 14 potions of heal wounds
 v - a potion of experience
 w - 33 potions of mutation
 x - 8 potions of resistance
 D - 11 potions of magic
 F - 5 potions of haste
 K - 13 potions of might
Miscellaneous
 m - a condenser vane
 N - a phial of floods


   Skills:
 - Level 15.0 Fighting
 - Level 16.3 Armour
 - Level 8.0 Dodging
 - Level 1.7 Stealth
 - Level 16.0 Shields
 - Level 25.3 Spellcasting
 - Level 25.8 Conjurations
 + Level 22.6 Necromancy
 - Level 24.7 Fire Magic
 - Level 26.3 Earth Magic
 - Level 8.0 Evocations


You had 3 spell levels left.
You knew the following spells:

 Your Spells              Type           Power      Damage    Failure   Level
a - Iron Shot             Conj/Erth      81%        9d15      0%          6
b - Lee's Rapid Deconstr  Erth           81%        3d37*     0%          5
c - Borgnjor's Vile Clut  Necr/Erth      79%        N/A       0%          5
d - Starburst             Conj/Fire      67%        6d18      0%          6
e - Fire Storm            Conj/Fire      67%        8d17      1%          9
f - Scorch                Fire           100%       2d10      0%          2
g - Ignition              Fire           67%        3d18      1%          8
h - Death's Door          Necr           64%        N/A       6%          9
i - Statue Form           Tmut/Erth      86%        N/A       1%          6
j - Sticky Flame          Conj/Fire      100%       2d11      0%          4
k - Flame Wave            Conj/Fire      100%       2d17      0%          4
s - Shatter               Erth           81%        3d59*     1%          9

Your spell library contained the following spells:

 Spells                   Type           Power      Damage    Failure   Level
 Animate Skeleton         Necr           100%       N/A       0%          1
 Foxfire                  Conj/Fire      100%       2x1d9     0%          1
 Magic Dart               Conj           100%       1d8       0%          1
 Pain                     Necr           100%       1d9       0%          1
 Sandblast                Erth           100%       2d20      0%          1
 Shock                    Conj/Air       100%       1d9       0%          1
 Corpse Rot               Necr/Air       100%       N/A       0%          2
 Passwall                 Tmut/Erth      100%       N/A       0%          2
 Searing Ray              Conj           100%       2d8       0%          2
 Static Discharge         Conj/Air       100%       N/A       0%          2
 Sublimation of Blood     Necr           100%       N/A       0%          2
 Conjure Flame            Conj/Fire      100%       6-21      0%          3
 Dazzling Flash           Conj/Hex       100%       N/A       0%          3
 Stone Arrow              Conj/Erth      100%       3d13      0%          3
 Vampiric Draining        Necr           100%       2d13      0%          3
 Apportation              Tloc           100%       N/A       1%          1
 Beastly Appendage        Tmut           100%       N/A       1%          1
 Freeze                   Ice            100%       1d11      1%          1
 Slow                     Hex            100%       N/A       1%          1
 Sting                    Tmut/Pois      100%       1d8       1%          1
 Summon Small Mammal      Summ           100%       N/A       1%          1
 Call Imp                 Summ           53%        N/A       1%          2
 Ensorcelled Hibernation  Hex/Ice        100%       N/A       1%          2
 Poisonous Vapours        Pois/Air       100%       N/A       1%          2
 Wereblood                Tmut           53%        N/A       1%          2
 Call Canine Familiar     Summ           53%        N/A       1%          3
 Confusing Touch          Hex            53%        N/A       1%          3
 Frozen Ramparts          Ice            100%       1d12      1%          3
 Gell's Gravitas          Tloc           53%        N/A       1%          3
 Ignite Poison            Fire/Tmut/Pois 91%        N/A       1%          3
 Inner Flame              Hex/Fire       100%       N/A       1%          3
 Lesser Beckoning         Tloc           53%        N/A       1%          3
 Mephitic Cloud           Conj/Pois/Air  92%        N/A       1%          3
 Ozocubu's Armour         Ice            53%        N/A       1%          3
 Portal Projectile        Hex/Tloc       100%       N/A       1%          3
 Spider Form              Tmut/Pois      53%        N/A       1%          3
 Summon Guardian Golem    Hex/Summ       53%        N/A       1%          3
 Swiftness                Air            53%        N/A       1%          3
 Teleport Other           Tloc           53%        N/A       1%          3
 Tukima's Dance           Hex            53%        N/A       1%          3
 Animate Dead             Necr           64%        N/A       0%          4
 Dispel Undead            Necr           100%       3d31      0%          4
 Agony                    Necr           100%       N/A       0%          5
 Excruciating Wounds      Necr           64%        N/A       0%          5
 Fireball                 Conj/Fire      67%        3d25      0%          5
 Iskenderun's Battlesphe  Conj           100%       2d15      0%          5
 Death Channel            Necr           64%        N/A       0%          6
 Anguish                  Hex/Necr       50%        N/A       1%          4
 Animate Armour           Summ/Erth      100%       N/A       1%          4
 Fulminant Prism          Conj/Hex       53%        3d23      1%          4
 Hailstorm                Conj/Ice       100%       3d20      1%          4
 Iskenderun's Mystic Bla  Conj/Tloc      100%       2d19      1%          4
 Leda's Liquefaction      Hex/Erth       65%        N/A       1%          4
 Petrify                  Tmut/Erth      100%       N/A       1%          4
 Freezing Cloud           Conj/Ice/Air   46%        6-21      1%          5
 Irradiate                Conj/Tmut      53%        3d31      1%          5
 Conjure Ball Lightning   Conj/Air       53%        3x3d18    1%          6
 Simulacrum               Ice/Necr       50%        N/A       1%          6
 Orb of Destruction       Conj           68%        9d16      1%          7
 Borgnjor's Revivificati  Necr           64%        N/A       1%          8
 Lehudib's Crystal Spear  Conj/Erth      81%        10d18     1%          8
 Spellforged Servitor     Conj/Summ      53%        N/A       2%          7
 Haunt                    Necr/Summ      50%        N/A       5%          7
 Airstrike                Air            26%        N/A       6%          4
 Cause Fear               Hex            26%        N/A       6%          4
 Ice Form                 Ice/Tmut       53%        N/A       6%          4
 Olgreb's Toxic Radiance  Pois           53%        N/A       6%          4
 Passage of Golubria      Tloc           53%        N/A       6%          4
 Summon Ice Beast         Ice/Summ       53%        N/A       6%          4
 Summon Lightning Spire   Summ/Air       53%        N/A       6%          4
 Alistair's Intoxication  Tmut/Pois      35%        N/A       17%         5
 Blade Hands              Tmut           26%        N/A       17%         5
 Metabolic Englaciation   Hex/Ice        26%        N/A       17%         5
 Summon Forest            Summ/Tloc      26%        N/A       17%         5
 Summon Mana Viper        Hex/Summ       53%        N/A       17%         5
 Yara's Violent Unravell  Hex/Tmut       26%        3d11      17%         5
 Dispersal                Tloc           26%        N/A       65%         6
 Eringya's Noxious Bog    Tmut/Pois      26%        N/A       65%         6
 Chain Lightning          Conj/Air       53%        3d70      95%         9
 Dragon Form              Tmut           26%        N/A       99%         7
 Enfeeble                 Hex            26%        N/A       99%         7
 Malign Gateway           Summ/Tloc      26%        N/A       99%         7
 Monstrous Menagerie      Summ           26%        N/A       99%         7
 Ozocubu's Refrigeration  Ice            26%        4d10      99%         7
 Storm Form               Tmut/Air       26%        N/A       99%         7
 Summon Hydra             Summ           26%        N/A       99%         7
 Discord                  Hex            26%        N/A       100%        8
 Disjunction              Tloc           26%        N/A       100%        8
 Maxwell's Capacitive Co  Air            26%        ∞         100%        8
 Polar Vortex             Ice            26%        N/A       100%        9


Dungeon Overview and Level Annotations

Branches:
Dungeon (15/15)            Temple (1/1) D:6            Lair (6/6) D:11
  Swamp (4/4) Lair:3        Snake (4/4) Lair:4        Slime (5/5) Lair:5
    Orc (2/2) D:12            Elf (3/3) Orc:2        Vaults (5/5) D:14
  Crypt (3/3) Vaults:2       Tomb (0/3) Crypt:3      Depths (4/4) D:15
    Zot (5/5) Depths:4      IceCv (visited)         Volcano (visited)
 WizLab (visited)

Altars:
Ashenzari
Cheibriados
Dithmenos
Elyvilon
Fedhas
Gozag
Hepliaklqana
Kikubaaqudgha
Makhleb
Nemelex Xobeh
Okawaru
Qazlal
Ru
Sif Muna
Trog
Uskayaw
Vehumet
Wu Jian
Xom
Yredelemnul
Zin
The Shining One

Shops:
D:8 [   D:12 :   D:15 *   Orc:1 =   Orc:2 (=*?!*![   Elf:3 :   Snake:1 =:=
Snake:2 ([=[   Vaults:3 !   Vaults:5 =

Portals:
Hell: Depths:1 Depths:2 Depths:3 Depths:4
Abyss: Depths:3
Pandemonium: Depths:2
Trove: Vaults:1 (give 16 potions of curing)

Annotations:
Swamp:2 2 runed translucent doors, Jase's ghost, journeyman DDHu
Elf:2 5 runed translucent doors
Vaults:1 1 runed translucent door, Loush's ghost, veteran MiFi


Innate Abilities, Weirdness & Mutations

You have hooves in place of feet.
You can hurl damnation.
Your demonic aura causes all spilled blood to erupt in flames.
You are powered by pain.
You are resistant to unholy torment.
Your movements are significantly less encumbered by armour. (ER -6)
You punish those that try to bend your will. (Will+)
You have a pair of small antennae on your head.
You have a somewhat thin skeletal structure. (Dex +2, Stealth+)
Your flesh is cold resistant. (rC+)
Your flesh is heat resistant. (rF+)
[You are very frail. (-20% HP)]


Message History

There is a gateway leading out of the Abyss here.
Unknown command.
The starspawn tentacle closely misses you.
A chorus of shrieks assaults your mind.
You block the starspawn tentacle's attack.
You pass through the gate.
Diavomasch misses you. Diavomasch hits you!!!
* * * LOW HITPOINT WARNING * * *
Diavomasch is engulfed in blazing flames.
Diavomasch barely misses you.
Unknown command.
Unknown command.
Okay, then.
Okay, then.
Okay, then.
Casting: Shatter (dangerous; 1% risk of failure)
Confirm with . or Enter, or press ? or * to list all spells.
You feel a strong surge of power!
The dungeon rumbles!
Diavomasch is lightly wounded.
Lyanal is heavily wounded.
Diavomasch is engulfed in blazing flames.
Diavomasch hits you!!
* * * LOW HITPOINT WARNING * * *
You focus on the pain.
You feel very mighty all of a sudden. Space warps around you!
* * * LOW HITPOINT WARNING * * *
Diavomasch is engulfed in blazing flames.
You block Diavomasch's attack. Lyanal gestures at you.
The bolt of energy misses you. [a] - 250 gold - haste [b] - 528 gold - resistance, might and haste [c] - 240 gold - brilliance and magic Purchase which effect?
You feel yourself speed up. Aji Rofi hits you but does no damage.
You block Diavomasch's attack. Aji Rofi hits you!!
You die...
Your body crumbles into a pile of gold.

.... ......
▓...........▓
▓▓...........▓▓▓▓▓▓▓▓▓
.....................▓
...............$☼&...▓
...............&@☼.[?▓
.............$.○§.$)=▓
...............$&$$$∩▓
.............$...$!)>▓
..............$$$$$|∩▓
..............$.$$=)?▓
.................$$..▓
.........&....$...$..▓
.....................▓


You could see Aji Rofi, Cing, Diavomasch and Lyanal.

Vanquished Creatures
  the Royal Jelly (Slime:5)
  5 dread liches
  2 orbs of fire
  An ancient lich (Vaults:2)
  Mara (Vaults:5)
  Mennas (Vaults:2)
  A juggernaut (Zig:11)
  6 royal mummies
  Sojobo (Depths:2)
  20 Killer Klowns
  Bai Suzhen (Vaults:3)
  Margery (Vaults:5)
  Saint Roka (Vaults:3)
  3 curse toes
  18 caustic shrikes
  31 golden dragons
  Nikola (Depths:2)
  4 profane servitors
  7 bone dragons
  35 pandemonium lords
  6 doom hounds (Zig:15)
  6 Tzitzimimeh
  2 electric golems
  Jorgrun (Swamp:1)
  16 Brimstone Fiends
  22 tentacled monstrosities
  8 iron giants
  2 tainted leviathans (Zig:15)
  8 hellephants
  5 liches
  A walking crystal tome (Depths:2)
  20 Orb Guardians (Zot:5)
  11 searing wretches
  5 deep elf master archers
  3 Ice Fiends
  8 deep elf blademasters
  22 Hell Sentinels
  A walking divine tome (Depths:2)
  2 quicksilver dragons (shapeshifter)
  3 quicksilver dragons
  The ghost of browni3141 the Severer, an adept MiBe of Trog (Snake:4)
  5 titans (Vaults:5)
  13 acid blobs
  8 Executioners
  8 death cobs
  A tentacled starspawn (Abyss:5)
  A sphinx (shapeshifter) (Zig:22)
  Agnes (Elf:1)
  5 sphinxes
  A shadow dragon (shapeshifter) (Zig:22)
  14 storm dragons
  9 draconian monks
  An azure jelly (shapeshifter) (Zig:20)
  6 shadow dragons
  6 tengu reavers
  13 ancient champions
  16 nagarajas
  2 revenants
  2 fenstrider witches
  8 azure jellies
  A fire giant (shapeshifter) (Zig:20)
  5 thorn hunters
  2 fenstrider witches (shapeshifter)
  8 demonspawn warmongers
  9 emperor scorpions
  7 rockslimes
  7 deep elf sorcerers
  21 quicksilver elementals
  2 narguns (Zig:7)
  10 fire giants
  A frost giant (shapeshifter) (Zig:20)
  4 draconian knights
  23 ghost moths
  13 orc warlords
  9 cacodemons
  7 iron dragons
  6 draconian scorchers
  A spectral juggernaut (Zig:15)
  A curse skull (Crypt:1)
  3 deep elf elementalists (Elf:3)
  34 balrugs
  17 vault wardens
  6 frost giants
  5 draconian stormcallers
  A spectral caustic shrike (Zig:15)
  5 draconian shifters
  2 spriggan defenders (Depths:3)
  4 broodmothers
  The ghost of Tuifo the Whirler, a journeyman HaHu of Okawaru (Swamp:3)
  7 demonspawn corrupters
  6 draconian annihilators
  12 war gargoyles
  2 demonspawn blood saints
  11 ghouls
  11 reapers
  5 vampire knights
  12 ironbound preservers
  25 very ugly things
  9 quicksilver oozes
  8 ironbound thunderhulks
  An eleionoma (shapeshifter) (Zig:17)
  12 demonspawn black suns
  11 green draconians
  19 stone giants
  8 lorocyprocas
  5 wendigos
  8 deep elf demonologists
  11 black draconians
  18 entropy weavers
  2 dire elephants (shapeshifter)
  8 eleionomae
  7 putrid mouths (Zig:15)
  15 deep elf annihilators
  9 purple draconians
  11 red draconians
  16 yellow draconians
  4 spark wasps
  19 iron golems
  12 bunyips
  26 green deaths
  6 dire elephants
  5 mummy priests
  15 white draconians
  9 deep elf death magi
  2 eidola
  4 merfolk impalers (Zig:13)
  2 merfolk javelineers (Zig:13)
  10 ettins
  5 fire dragons
  11 shambling mangroves
  Josephine (Orc:2)
  A fire dragon (shapeshifter) (Zig:17)
  10 boulder beetles
  22 jiangshi
  6 blizzard demons
  9 deep elf high priests
  35 vault guards
  5 salamander tyrants
  A quicksilver dragon skeleton (Crypt:1)
  The ghost of SweetAndFullOfGrace the Severer, a journeyman MiBe of Trog (Orc:1)
  14 great orbs of eyes
  Harold (D:8)
  13 yaktaur captains
  10 naga warriors
  2 radroaches
  A hydra (shapeshifter) (Zig:10)
  9 spriggan air magi
  5 rakshasas
  5 ghost crabs
  8 hell beasts
  A spriggan skeleton (Crypt:3)
  49 hydras
  5 ice dragons
  2 catoblepae
  A caustic shrike simulacrum (IceCv)
  A merfolk avatar (Lair:6)
  3 jorogumos
  2 stokers (Zig:23)
  An alligator snapping turtle (Zig:13)
  3 merfolk aquamancers (Zig:13)
  A satyr (Zig:13)
  10 ironbound frosthearts
  12 anacondas
  5 ogre magi
  10 centaur warriors
  A boulder beetle (shapeshifter) (Zig:17)
  7 death knights
  3 deep troll shamans
  7 deep troll earth magi
  2 hell hogs (Zig:23)
  17 alligators
  A death scarab (Zig:6)
  2 two-headed ogres
  A tengu warrior (D:13)
  A death yak (Zig:8)
  Urug (D:12)
  5 soul eaters
  3 vampire magi
  11 orc high priests
  15 naga sharpshooters
  5 spriggan berserkers
  11 shock serpents
  A shock serpent (shapeshifter) (Depths:4)
  A titan zombie (Zig:14)
  Nergalle (Orc:1)
  14 spriggans
  25 deep elf knights
  13 thrashing horrors
  5 hell knights
  4 sun demons
  12 crystal echidnas
  A titan skeleton (Zig:14)
  9 wretched stars
  2 salamander mystics
  A sixfirhy (Zig:13)
  2 iron trolls (shapeshifter) (Zig:17)
  A golden dragon zombie (Zig:6)
  3 spatial maelstroms (Abyss:5)
  32 skeletal warriors
  14 pharaoh ants
  7 iron trolls
  4 shadow wraiths (Crypt:3)
  7 sea snakes
  21 death drakes
  A swamp dragon (shapeshifter) (Zig:22)
  4 goliath frogs
  11 spriggan druids
  6 sun moths
  A ghost moth zombie (Crypt:1)
  5 glowing orange brains
  3 orange crystal statues
  4 obsidian statues
  7 flayed ghosts
  35 deep trolls
  16 orb spiders
  An orb spider (shapeshifter) (Zig:17)
  2 anaconda zombies
  10 starcursed masses
  7 steelbarb worms
  5 shadow demons
  13 ironbound convokers
  A steelbarb worm (shapeshifter) (Depths:2)
  25 swamp dragons
  15 bog bodies
  8 naga ritualists
  19 deep elf archers
  A tengu zombie (Zig:14)
  8 harpies
  13 wizards
  7 lindwurms
  51 deep elf pyromancers
  16 phantasmal warriors
  A spectral iron dragon (Zig:15)
  15 orc knights
  49 deep elf zephyrmancers
  3 necromancers
  54 ugly things
  Pikel (D:7)
  17 salamanders
  7 mana vipers
  A jorogumo zombie (Crypt:2)
  7 shining eyes
  8 will-o-the-wisps
  13 orc sorcerers
  A goliath frog skeleton (Crypt:2)
  A manticore (shapeshifter) (Zig:5)
  A shining eye (shapeshifter) (Zig:5)
  4 cyclopes
  8 wolf spiders
  9 manticores
  3 worldbinders
  A spectral centaur (Crypt:3)
  An eye of devastation (shapeshifter) (Zig:22)
  21 elephants
  28 moths of wrath
  A merfolk siren (Zig:13)
  22 naga magi
  2 rust devils
  39 black mambas
  6 apocalypse crabs
  14 vault sentinels
  5 guardian serpents
  12 torpor snails
  A black mamba (shapeshifter) (Vaults:5)
  10 cane toads
  An eye of devastation (Slime:5)
  3 ice statues (Zig:1)
  5 demonic crawlers
  2 orange demons
  An unseen horror (D:13)
  9 smoke demons
  12 hellions
  A death yak zombie (Crypt:2)
  A spectral glowing shapeshifter (Zig:15)
  4 rime drakes
  13 tormentors
  29 yaktaurs
  An efreet (Zot:2)
  A redback zombie (Crypt:2)
  3 komodo dragons (shapeshifter)
  6 komodo dragons
  13 freezing wraiths
  7 guardian mummies
  4 ice devils
  2 anaconda simulacra (IceCv)
  5 meliai
  9 trolls
  4 tengu conjurers
  5 hellwings
  A pale draconian skeleton (Crypt:2)
  2 ancient zymes (Zig:12)
  15 merfolk (Zig:13)
  4 spectral nagas (Snake:4)
  3 red devils
  4 bloated husks
  2 wind drakes (Lair:6)
  5 polar bears
  33 hornets
  13 tyrant leeches
  An iron troll skeleton (Crypt:1)
  3 tarantellas
  112 slime creatures
  A slime creature (shapeshifter) (Vaults:5)
  A meliai zombie (D:11)
  A dream sheep (shapeshifter) (Depths:1)
  2 spectral black mambas (Snake:4)
  21 blink frogs
  10 raiju
  Grinder (D:3)
  A fire giant simulacrum (Zig:7)
  2 snapping turtles (Lair:6)
  5 air elementals
  A spriggan (shapeshifter) (Zig:14)
  A shock serpent simulacrum (Snake:4)
  11 culicivoras
  57 flying skulls
  10 shadows
  90 yaks
  6 ynoxinuls
  27 fire elementals
  3 wyverns
  Sigmund (D:2)
  8 jumping spiders
  A dire elephant simulacrum (IceCv)
  12 wraiths
  10 water elementals
  A wind drake zombie (Crypt:1)
  A wyvern (shapeshifter) (Zig:20)
  4 ushabtiu
  A human (shapeshifter) (Zig:10)
  A tyrant leech zombie (Crypt:1)
  4 basilisks
  A human (D:14)
  10 golden eyes
  7 chaos spawn
  12 vampire mosquitoes
  2 steam dragons
  9 redbacks
  Menkaure (D:4)
  A redback simulacrum (D:15)
  Edmund (D:6)
  8 large abominations
  14 swamp worms
  48 nagas
  4 acid dragons
  12 wargs
  A harpy simulacrum (IceCv)
  11 water moccasins
  2 hell hounds (Lair:4)
  A hornet zombie (D:6)
  70 orc warriors
  A sky beast (D:5)
  3 alligator simulacra (IceCv)
  2 swamp drakes
  5 black bears
  7 necrophages
  2 black mamba simulacra (Snake:4)
  3 ice beasts
  19 wolves
  24 ogres
  A tengu (shapeshifter) (D:15)
  A phantom (D:5)
  15 centaurs
  4 lemures (D:7)
  12 bullfrogs
  A komodo dragon zombie (Crypt:2)
  4 earth elementals
  Blork the orc (D:5)
  2 wyvern zombies
  10 small abominations
  3 scorpions
  A glowing shapeshifter simulacrum (Vaults:4)
  A water moccasin zombie (D:5)
  A draconian skeleton (Crypt:1)
  A wyvern skeleton (D:7)
  A water moccasin skeleton (D:6)
  A naga simulacrum (Snake:4)
  5 howler monkeys
  9 wights
  5 electric eels
  A lava snake (D:14)
  3 centaur zombies
  6 crimson imps (D:9)
  A wyvern simulacrum (D:5)
  A gnoll shaman (Zig:5)
  2 bullfrog zombies (D:6)
  5 hounds
  Crazy Yiuf (D:4)
  26 orc priests
  A water moccasin simulacrum (D:5)
  A jelly (D:6)
  3 centaur skeletons
  2 bullfrog skeletons (D:6)
  4 hell rats (Lair:6)
  4 iguanas
  30 orc wizards
  3 killer bee zombies
  An acid dragon zombie (Crypt:1)
  A hound zombie (D:4)
  A naga skeleton (Crypt:2)
  21 mummies
  A hound skeleton (D:4)
  3 howler monkey zombies
  A killer bee simulacrum (D:5)
  Robin (D:2)
  A gnoll (Zig:11)
  A howler monkey skeleton (Crypt:2)
  5 adders
  A hound simulacrum (D:5)
  2 shadow imps
  3 white imps
  2 ufetubi
  An adder skeleton (D:4)
  4 worms
  4 dart slugs
  The ghost of croobank the Sneak, a weakling FeDe (D:5)
  74 orcs
  11 ball pythons
  3 bats
  10 endoplasms
  7 giant cockroaches
  13 goblins
  8 hobgoblins
  8 jackals (D:2)
  10 kobolds
  2 quokkas
  5 frilled lizards
  A jackal skeleton (D:4)
  2 rats
  20 briar patches
  A fire vortex (Zig:16)
  A lurking horror (Abyss:5)
3546 creatures vanquished.

Vanquished Creatures (collateral kills)
  A royal mummy (Zig:14)
  A Tzitzimitl (Zig:16)
  2 pandemonium lords (Zig:22)
  A hellephant (Zig:23)
  An Executioner (Zig:18)
  A demonspawn corrupter (Zig:16)
  A tengu zombie (Zig:14)
  A tormentor (Zig:16)
  A guardian mummy (Zig:14)
  A tyrant leech (shapeshifter) (Zig:22)
  A hornet (Zig:11)
  A large abomination (Zig:18)
  A mummy (Zig:14)
14 creatures vanquished.

Vanquished Creatures (others)
  A Killer Klown (Zig:10)
  A fenstrider witch (Zig:26)
  A black draconian (Zot:1)
  A green death (Zig:16)
  29 dancing weapons
  A mana viper (shapeshifter) (Zig:22)
  An orb spider zombie (Crypt:2)
  2 bloated husks
  A spriggan (Swamp:2)
  An air elemental (Zig:14)
  A glowing shapeshifter simulacrum (Zig:7)
  A bush (Snake:1)
  332 fire vortices
  38 foxfires
  40 fungi
  2 lurking horrors (Abyss:5)
  97 plants
  3 withered plants (D:6)
553 creatures vanquished.

Grand Total: 4113 creatures vanquished

Notes
Turn   | Place    | Note
-------+----------+-------------------------------------------
     0 | D:1      | SnakkuSnakku7 the Demonspawn Fire Elementalist began the
                  | quest for the Orb.
     0 | D:1      | Reached XP level 1. HP: 13/13 MP: 3/3
   328 | D:1      | Gained mutation: Your movements are slightly less
                  | encumbered by armour. (ER -2) [demonic ancestry]
   328 | D:1      | Reached XP level 2. HP: 13/19 MP: 3/5
   643 | D:1      | Learned a level 2 spell: Scorch
   915 | D:1      | Gained mutation: You have large cloven feet. [demonic
                  | ancestry]
   915 | D:1      | Reached XP level 3. HP: 7/24 MP: 3/6
  1338 | D:1      | Found a faded altar of an unknown god.
  1979 | D:2      | Found a shimmering altar of Xom.
  2030 | D:2      | Gained mutation: Your movements are less encumbered by
                  | armour. (ER -4) [demonic ancestry]
  2030 | D:2      | Reached XP level 4. HP: 16/30 MP: 2/7
  2444 | D:2      | Noticed Robin
  2558 | D:2      | Noticed Sigmund
  2903 | D:2      | Killed Robin
  3009 | D:2      | Killed Sigmund
  3010 | D:2      | Reached XP level 5. HP: 35/35 MP: 1/8
  3088 | D:2      | Identified the +1 scale mail of Haty {rPois rC++ Str-5
                  | Dex+3}
  3613 | D:3      | Noticed Grinder
  3730 | D:3      | Killed Grinder
  3731 | D:3      | Reached skill level 5 in Fire Magic
  3731 | D:3      | Gained mutation: You have hoof-like feet. [demonic
                  | ancestry]
  3731 | D:3      | Reached XP level 6. HP: 22/41 MP: 0/9
  3938 | D:3      | Reached skill level 5 in Conjurations
  4766 | D:4      | Noticed Menkaure
  4783 | D:4      | Gained mutation: Your demonic aura sometimes causes spilled
                  | blood to erupt in flames. [demonic ancestry]
  4783 | D:4      | Reached XP level 7. HP: 44/46 MP: 2/11
  4784 | D:4      | Killed Menkaure
  5216 | D:4      | Identified the +0 robe of Xom's Hatred {rN+}
  5262 | D:4      | Found a bloodstained altar of Trog.
  5266 | D:4      | Found an iron altar of Okawaru.
  5266 | D:4      | Found a shimmering blue altar of Sif Muna.
  5859 | D:4      | Found a runed translucent door.
  5860 | D:4      | Noticed Crazy Yiuf
  5867 | D:4      | Killed Crazy Yiuf
  5963 | D:5      | Entered Level 5 of the Dungeon
  6116 | D:5      | Gained mutation: Your demonic aura often causes spilled
                  | blood to erupt in flames. [demonic ancestry]
  6116 | D:5      | Reached XP level 8. HP: 44/52 MP: 6/14
  6667 | D:5      | Found a runed translucent gate.
  6755 | D:5      | Noticed a two-headed ogre
  6767 | D:5      | Learned a level 4 spell: Sticky Flame
  6779 | D:5      | Killed a two-headed ogre
  6882 | D:5      | Gained mutation: Your demonic aura causes all spilled blood
                  | to erupt in flames. [demonic ancestry]
  6882 | D:5      | Reached XP level 9. HP: 54/57 MP: 8/15
  7042 | D:5      | Noticed Blork the orc
  7186 | D:5      | Reached skill level 10 in Fire Magic
  7186 | D:5      | Killed Blork the orc
  7395 | D:5      | Found a runed translucent gate.
  7395 | D:5      | Found a runed translucent gate.
  7799 | D:5      | Noticed croobank's ghost (weakling FeDe)
  7846 | D:5      | Killed croobank's ghost
  8046 | D:6      | Noticed Edmund
  8056 | D:6      | Killed Edmund
  8064 | D:6      | Identified the +5 scale mail of Duty {Regen+}
  8314 | D:6      | Found a staircase to the Ecumenical Temple.
  8348 | Temple   | Entered the Ecumenical Temple
  8422 | Temple   | Became a worshipper of Gozag Ym Sagoz the Greedy
  8872 | D:6      | Learned a level 4 spell: Flame Wave
  9164 | D:6      | Reached skill level 5 in Spellcasting
  9674 | D:7      | Gained mutation: You punish those that try to bend your
                  | will. (Will+) [demonic ancestry]
  9674 | D:7      | Reached XP level 10. HP: 63/63 MP: 2/18
  9814 | D:7      | Noticed Pikel
  9865 | D:7      | Killed Pikel
 10175 | D:7      | Reached skill level 1 in Shields
 10460 | D:8      | Noticed Harold
 10486 | D:8      | Killed Harold
 10617 | D:8      | Reached skill level 5 in Shields
 10716 | D:8      | Reached skill level 1 in Fighting
 10738 | D:8      | Found Momiluty's Antique Armour Emporium.
 10803 | D:8      | Found a broken altar of Ashenzari.
 11547 | D:9      | Found a sparkling altar of Nemelex Xobeh.
 11719 | D:9      | Gained mutation: Your movements are significantly less
                  | encumbered by armour. (ER -6) [demonic ancestry]
 11719 | D:9      | Reached XP level 11. HP: 76/76 MP: 23/23
 11724 | D:9      | Identified the +4 giant spiked club "Itwi" {freeze, Dex+7}
 11939 | D:10     | Entered Level 10 of the Dungeon
 11944 | D:10     | Got the Incunabulum of Unholy Rites and the Glacier
 12051 | D:10     | Noticed a two-headed ogre
 12060 | D:10     | Killed a two-headed ogre
 12101 | D:10     | Reached skill level 5 in Fighting
 12454 | D:11     | Found a staircase to the Lair.
 12541 | D:11     | Noticed a boulder beetle
 12552 | D:11     | Killed a boulder beetle
 13273 | Lair:1   | Entered Level 1 of the Lair of Beasts
 13300 | Lair:1   | Reached skill level 5 in Dodging
 13482 | Lair:1   | Gained mutation: You are resistant to unholy torment.
                  | [demonic ancestry]
 13482 | Lair:1   | Reached XP level 12. HP: 61/92 MP: 2/24
 14020 | Lair:1   | Identified a scroll of acquirement
 14020 | Lair:1   | Acquired a staff of conjuration
 14065 | Lair:2   | Reached skill level 1 in Armour
 14275 | Lair:2   | Noticed a six-headed hydra
 14282 | Lair:2   | Reached skill level 5 in Armour
 14282 | Lair:2   | Killed a six-headed hydra
 14407 | Lair:2   | Noticed a four-headed hydra
 14412 | Lair:2   | Noticed an eight-headed hydra
 14416 | Lair:2   | Killed a four-headed hydra
 14491 | Lair:2   | Killed an eight-headed hydra
 14839 | Lair:2   | Found a transporter.
 14839 | Lair:2   | Noticed a boulder beetle
 14840 | Lair:2   | Found a transporter.
 14840 | Lair:2   | Noticed a boulder beetle
 14919 | Lair:2   | Reached skill level 1 in Evocations
 15364 | Lair:3   | Found a staircase to the Swamp.
 15472 | Lair:3   | Noticed a six-headed hydra
 15485 | Lair:3   | Killed a six-headed hydra
 15486 | Lair:3   | Reached XP level 13. HP: 92/98 MP: 12/25
 15605 | Lair:3   | Reached skill level 5 in Evocations
 16357 | Lair:4   | Identified the +7 falchion "Newt's Curse" {chaos, rF+ Int+4
                  | Dex+2}
 16391 | Lair:4   | Found a dark tunnel.
 16512 | Volcano  | Entered a volcano
 16875 | Lair:4   | Found a staircase to the Snake Pit.
 17136 | Lair:4   | Found the +3 pair of seven-league boots {Rampage+∞}
 17495 | Lair:5   | Reached skill level 10 in Conjurations
 17801 | Lair:5   | Found a staircase to the Slime Pits.
 18312 | Lair:6   | Entered Level 6 of the Lair of Beasts
 18312 | Lair:6   | Noticed a dire elephant
 18323 | Lair:6   | Killed a dire elephant
 18698 | Lair:6   | Gained mutation: You sometimes gain a little power by
                  | taking damage. [demonic ancestry]
 18698 | Lair:6   | Reached XP level 14. HP: 68/105 MP: 13/26
 19365 | Lair:6   | Reached skill level 10 in Spellcasting
 19393 | Lair:6   | Got the Almanac of the Creative Frostbite
 20002 | D:12     | Found Nusk's Book Shop.
 20027 | D:12     | Bought a book of Annihilations for 900 gold pieces
 20027 | D:12     | Bought the Unrestrained Analects for 660 gold pieces
 20100 | D:12     | Learned a level 6 spell: Starburst
 20163 | D:12     | Noticed Urug
 20174 | D:12     | Killed Urug
 20352 | D:12     | Found a staircase to the Orcish Mines.
 20378 | Orc:1    | Entered Level 1 of the Orcish Mines
 20463 | Orc:1    | Found a runed translucent door.
 20465 | Orc:1    | Noticed an orc warlord
 20465 | Orc:1    | Noticed SweetAndFullOfGrace's ghost (journeyman MiBe)
 20506 | Orc:1    | Noticed Nergalle
 20513 | Orc:1    | Killed Nergalle
 20729 | Orc:2    | Entered Level 2 of the Orcish Mines
 20729 | Orc:2    | Found a staircase to the Elven Halls.
 20729 | Orc:2    | Found Jidoq's Weapon Emporium.
 20859 | Orc:2    | Noticed Josephine
 20998 | Orc:2    | Killed Josephine
 21244 | Orc:2    | Found Roqutuog's Assorted Antiques.
 21246 | Orc:2    | Found Zagagg's Distillery.
 21255 | Orc:2    | Bought 2 potions of ambrosia for 192 gold pieces
 21255 | Orc:2    | Bought 2 potions of brilliance for 96 gold pieces
 21255 | Orc:2    | Bought a potion of curing for 36 gold pieces
 21267 | Orc:2    | Bought a potion of haste for 330 gold pieces
 21310 | Orc:2    | Found Fenuergh's Armour Shop.
 21453 | Orc:2    | Noticed an orc warlord
 21518 | Orc:2    | Killed an orc warlord
 21780 | Orc:2    | Noticed an orc warlord
 21791 | Orc:2    | Reached XP level 15. HP: 83/110 MP: 23/29
 21791 | Orc:2    | Killed an orc warlord
 22104 | Orc:2    | Found Xarive's General Store.
 22104 | Orc:2    | Found Kejudd's Distillery.
 22105 | Orc:2    | Found Xeisi's Magic Scroll Boutique.
 22109 | Orc:2    | Found Rest's Jewellery Shop.
 22112 | Orc:2    | Bought the +2 shield of Resistance {rF++ rC++ Will++} for
                  | 778 gold pieces
 22112 | Orc:2    | Found the +2 shield of Resistance {rF++ rC++ Will++}
 22112 | Orc:2    | Bought a scroll of teleportation for 36 gold pieces
 22112 | Orc:2    | Bought a potion of cancellation for 96 gold pieces
 22113 | Orc:2    | Bought a potion of haste for 130 gold pieces
 22113 | Orc:2    | Bought a potion of mutation for 104 gold pieces
 22114 | Orc:2    | Bought a scroll of teleportation for 42 gold pieces
 22347 | Orc:2    | Got the Tome of Displacement and Conjuration
 22434 | Orc:1    | Found Pycwo's Jewellery Shop.
 23478 | D:14     | Found a hide-covered altar of Uskayaw.
 24017 | D:14     | Found a gate to the Vaults.
 24063 | D:15     | Entered Level 15 of the Dungeon
 24286 | D:15     | Found Zoha's Gadget Gallery.
 24489 | D:15     | Found a sacrificial altar of Ru.
 24616 | D:15     | Found a staircase to the Depths.
 25160 | Lair:2   | Reached skill level 15 in Conjurations
 25250 | Swamp:1  | Entered Level 1 of the Swamp
 25263 | Swamp:1  | Paralysed by a hornet for 2 turns
 25561 | Swamp:1  | Noticed Jorgrun
 25576 | Swamp:1  | Killed Jorgrun
 25589 | Swamp:1  | Gained mutation: You sometimes gain power by taking damage.
                  | [demonic ancestry]
 25589 | Swamp:1  | Reached XP level 16. HP: 76/117 MP: 8/30
 26135 | Swamp:2  | Reached skill level 15 in Fire Magic
 26250 | Swamp:2  | Identified the +11 spear "Feantokh" {elec, rC++ Int-4 SInv}
 26451 | Swamp:2  | Found a basalt altar of Yredelemnul.
 26618 | Swamp:2  | Found a large runed translucent door.
 26619 | Swamp:2  | Found a large runed translucent door.
 26622 | Swamp:2  | Noticed Jase's ghost (journeyman DDHu)
 26997 | Swamp:3  | Found a runed translucent gate.
 26998 | Swamp:3  | Found a runed translucent gate.
 26998 | Swamp:3  | Noticed Tuifo's ghost (journeyman HaHu)
 26999 | Swamp:3  | Found a runed translucent gate.
 27059 | Swamp:3  | Killed Tuifo's ghost
 27130 | Swamp:3  | Reached XP level 17. HP: 109/122 MP: 30/32
 27366 | Swamp:4  | Entered Level 4 of the Swamp
 27437 | Swamp:4  | Found a frozen archway.
 27477 | IceCv    | Entered an ice cave
 27495 | IceCv    | Found a transporter.
 27513 | IceCv    | Found a transporter.
 27849 | Swamp:4  | Gained mutation: You have hooves in place of feet. [demonic
                  | ancestry]
 27849 | Swamp:4  | Reached XP level 18. HP: 108/129 MP: 8/33
 28077 | Swamp:4  | Noticed a tentacled monstrosity
 28085 | Swamp:4  | Killed a tentacled monstrosity
 28342 | Swamp:4  | Got a decaying rune of Zot
 28698 | Snake:1  | Entered Level 1 of the Snake Pit
 28962 | Snake:1  | Found Valyhioz's Book Shop.
 28963 | Snake:1  | Found Rorch's Jewellery Emporium.
 28963 | Snake:1  | Found Uklugh's Jewellery Emporium.
 29639 | Snake:2  | Found Aledwanis's Weapon Shop.
 29641 | Snake:2  | Found Soec's Jewellery Boutique.
 29641 | Snake:2  | Found Lyezel's Antique Armour Shop.
 29646 | Snake:2  | Found Utojuome's Armour Boutique.
 29649 | Snake:2  | Bought a pair of scorched gloves for 342 gold pieces
 29649 | Snake:2  | Identified the -1 pair of gloves of Valour {Harm +Inv
                  | Regen+ Slay-6} (You bought it in a shop on level 2 of the
                  | Snake Pit)
 29649 | Snake:2  | Bought a pair of encrusted gloves for 342 gold pieces
 29649 | Snake:2  | Identified the +0 pair of gloves of Mumblety Peg {Fly
                  | Str+3} (You bought it in a shop on level 2 of the Snake
                  | Pit)
 30514 | Snake:3  | Found a flickering gateway to a bazaar.
 30523 | Bazaar   | Entered a bazaar
 30528 | Bazaar   | Found Faseqyi's Book Shoppe.
 30533 | Bazaar   | Found Muema's Antique Weapon Shoppe.
 30539 | Bazaar   | Found Relireyn's Assorted Antiques.
 30547 | Bazaar   | Bought a potion of resistance for 320 gold pieces
 30547 | Bazaar   | Bought a potion of cancellation for 256 gold pieces
 30547 | Bazaar   | Bought a potion of curing for 96 gold pieces
 30554 | Bazaar   | Found Icoise Tuta's Armour Boutique.
 30591 | Bazaar   | Bought a There-And-Back Book for 330 gold pieces
 30591 | Bazaar   | Bought a book of Dangerous Friends for 440 gold pieces
 30591 | Bazaar   | Bought a book of the Earth for 396 gold pieces
 31524 | Snake:3  | Identified the +3 plate armour of Virtue {rElec Will-
                  | Dex+2}
 31549 | Snake:4  | Entered Level 4 of the Snake Pit
 31766 | Snake:4  | Learned a level 9 spell: Fire Storm
 32061 | Snake:4  | Gained mutation: You can hurl damnation. [demonic ancestry]
 32061 | Snake:4  | Reached XP level 19. HP: 69/134 MP: 30/34
 32140 | Snake:4  | Found a runed translucent gate.
 32140 | Snake:4  | Found a runed translucent gate.
 32141 | Snake:4  | Found a runed translucent gate.
 32143 | Snake:4  | Noticed browni3141's ghost (adept MiBe)
 32148 | Snake:4  | Identified the amulet of Fedhas's Anger {Spirit Int+2}
 32169 | Snake:4  | Killed browni3141's ghost
 32603 | Snake:4  | Got a serpentine rune of Zot
 33390 | Elf:1    | Entered Level 1 of the Elven Halls
 33713 | Elf:1    | Noticed Agnes
 33718 | Elf:1    | Killed Agnes
 33866 | Elf:1    | Got Sif Muna's Guide on Confrontation and Summoning
 34440 | Elf:1    | Noticed a Tzitzimitl
 34464 | Elf:1    | Paralysed by an air elemental for 1 turns
 34472 | Elf:1    | Paralysed by an air elemental for 1 turns
 34733 | Elf:2    | Found a huge runed translucent gate.
 34733 | Elf:2    | Found a huge runed translucent gate.
 34733 | Elf:2    | Found a huge runed translucent gate.
 34733 | Elf:2    | Found a huge runed translucent gate.
 34734 | Elf:2    | Found a huge runed translucent gate.
 34788 | Elf:2    | Paralysed by an air elemental for 1 turns
 34790 | Elf:2    | Paralysed by an air elemental for 1 turns
 34965 | Elf:2    | Paralysed by an air elemental for 1 turns
 35146 | Elf:2    | Learned a level 6 spell: Iron Shot
 35158 | Elf:2    | Reached skill level 1 in Earth Magic
 35241 | Elf:2    | Reached skill level 2 in Earth Magic
 35677 | Elf:3    | Entered Level 3 of the Elven Halls
 35691 | Elf:3    | Reached skill level 3 in Earth Magic
 35811 | Elf:3    | Reached skill level 4 in Earth Magic
 36010 | Elf:3    | Found Eskietal's One-of-a-Kind Books.
 36016 | Elf:3    | Reached skill level 5 in Earth Magic
 36027 | Elf:3    | Bought the Handbook of Ghastly Attacks for 672 gold pieces
 36195 | Elf:3    | Reached XP level 20. HP: 110/141 MP: 19/35
 36322 | Elf:3    | Reached skill level 6 in Earth Magic
 36350 | Elf:3    | Found the +14 obsidian axe {vorpal, Mesm Drain Fly SInv}
 36507 | Elf:3    | Reached skill level 7 in Earth Magic
 36624 | Elf:3    | Reached skill level 8 in Earth Magic
 36845 | Elf:3    | Found the ring of the Mage {Wiz Archmagi}
 36850 | Elf:3    | Found the ring of Shadows {Umbra +Inv Stlth+}
 36866 | Elf:3    | Reached skill level 9 in Earth Magic
 36947 | Elf:3    | Identified the +6 scale mail "Gabb" {-Tele rElec rF- rN+++}
 37312 | Orc:1    | Killed SweetAndFullOfGrace's ghost
 37413 | Vaults:1 | Entered Level 1 of the Vaults
 37501 | Vaults:1 | Reached skill level 10 in Earth Magic
 37796 | Vaults:1 | Found a portal to a secret trove of treasure.
 38302 | Vaults:1 | Found a runed translucent door.
 38302 | Vaults:1 | Found a shimmering altar of Xom.
 38302 | Vaults:1 | Noticed Loush's ghost (veteran MiFi)
 38636 | Vaults:2 | Found a magical portal.
 38645 | WizLab   | Entered Doroklohe's Tomb
 38838 | WizLab   | Identified the +1 ring mail "Qutilogh" {Drain rN++}
 39445 | Vaults:2 | Reached XP level 21. HP: 147/147 MP: 14/39
 39464 | Vaults:2 | Noticed an ancient lich
 39721 | Vaults:2 | Killed an ancient lich
 39845 | Vaults:2 | Found a staircase to the Crypt.
 39913 | Vaults:2 | Noticed Mennas
 39944 | Vaults:2 | Killed Mennas
 39945 | Vaults:2 | Reached skill level 15 in Spellcasting
 40319 | Vaults:2 | Identified the +3 chain mail "Uschyoppius" {rN+}
 40639 | Vaults:3 | Noticed Bai Suzhen
 40710 | Vaults:3 | Killed Bai Suzhen
 40788 | Vaults:3 | Found Vonug's Distillery.
 40860 | Vaults:3 | Bought a potion of curing for 54 gold pieces
 40860 | Vaults:3 | Bought a potion of haste for 180 gold pieces
 40860 | Vaults:3 | Bought a potion of curing for 54 gold pieces
 40860 | Vaults:3 | Bought a potion of haste for 180 gold pieces
 40860 | Vaults:3 | Bought 2 potions of haste for 360 gold pieces
 40860 | Vaults:3 | Bought a potion of heal wounds for 90 gold pieces
 40860 | Vaults:3 | Bought a potion of mutation for 144 gold pieces
 41214 | Vaults:3 | Reached skill level 10 in Shields
 41363 | Vaults:3 | Noticed Saint Roka
 41373 | Vaults:3 | Killed Saint Roka
 42119 | Vaults:4 | Identified the +2 robe of Uskayaw's Hope {Dex+4}
 42270 | Vaults:4 | Identified the +8 flail of Okawaru's Condemnation {pain,
                  | Fly}
 42464 | Vaults:4 | Reached XP level 22. HP: 67/153 MP: 19/41
 42792 | Vaults:5 | Entered Level 5 of the Vaults
 42888 | Crypt:1  | Entered Level 1 of the Crypt
 42894 | Crypt:1  | Noticed a dread lich
 42904 | Crypt:1  | Killed a dread lich
 44313 | Crypt:1  | Found an ancient bone altar of Kikubaaqudgha.
 44514 | Crypt:3  | Entered Level 3 of the Crypt
 44875 | Crypt:3  | Found a basalt altar of Yredelemnul.
 45009 | Crypt:3  | Found the +4 Cigotuvi's embrace {rMiasma Drain rN+}
 45160 | Crypt:3  | Gained mutation: You are powered by pain. [demonic
                  | ancestry]
 45160 | Crypt:3  | Reached XP level 23. HP: 127/159 MP: 30/42
 45223 | Crypt:3  | Identified the amulet of Cinet {RegenMP -Tele Harm Str+5
                  | Stlth+}
 45354 | Crypt:3  | Identified the +0 scale mail "Qeehatar" {*Corrode Will+++
                  | Dex+2 SInv}
 45434 | Crypt:3  | Found a staircase to the Tomb.
 45434 | Crypt:3  | Found the +1 cloak of Starlight {*Dazzle EV+4 Stlth--}
 45434 | Crypt:3  | Noticed a dread lich
 45439 | Crypt:3  | Killed a dread lich
 45823 | Vaults:5 | Noticed a dread lich
 45836 | Vaults:4 | Killed a dread lich
 45995 | Vaults:5 | Identified the +0 rapier "Mizu" {antimagic, Int+3}
 46041 | Vaults:5 | Found Hoixusac's Jewellery Boutique.
 46046 | Vaults:5 | Identified the +1 plate armour "Kaxiucoe" {rPois Stlth+}
 46329 | Vaults:5 | Identified the +3 buckler of Panentheism {Dex+4 SInv
                  | Stlth+}
 46368 | Vaults:5 | Noticed Margery
 46384 | Vaults:5 | Killed Margery
 46614 | Vaults:5 | Reached XP level 24. HP: 170/170 MP: 42/42
 46899 | Vaults:5 | Identified the ring "Xiar Pau" {Will+ Slay+4}
 47050 | Vaults:5 | Identified the +2 ring mail of the Invisible Hand {Str+6}
 47104 | Vaults:5 | Got a silver rune of Zot
 47129 | Vaults:5 | Noticed Mara
 47136 | Vaults:5 | Killed Mara
 48164 | Slime:1  | Entered Level 1 of the Pits of Slime
 48591 | Slime:5  | Entered Level 5 of the Pits of Slime
 48708 | Slime:5  | Reached XP level 25. HP: 172/175 MP: 31/42
 48830 | Slime:5  | Gained mutation: Your body sometimes deteriorates upon
                  | taking damage. [a shining eye]
 48833 | Slime:5  | Gained mutation: You have hidden genetic defects. [a
                  | shining eye]
 48839 | Slime:5  | Lost mutation: Your body sometimes deteriorates upon taking
                  | damage. [potion of mutation]
 48839 | Slime:5  | Lost mutation: You have hidden genetic defects. [potion of
                  | mutation]
 48839 | Slime:5  | Gained mutation: You are robust. (+10% HP) [potion of
                  | mutation]
 48839 | Slime:5  | Gained mutation: You sometimes lose the ability to read
                  | scrolls when taking damage. [potion of mutation]
 48839 | Slime:5  | Gained mutation: Your flesh is cold resistant. (rC+)
                  | [potion of mutation]
 48840 | Slime:5  | Lost mutation: Your flesh is cold resistant. (rC+) [potion
                  | of mutation]
 48840 | Slime:5  | Lost mutation: You are robust. (+10% HP) [potion of
                  | mutation]
 48840 | Slime:5  | Gained mutation: Your magical capacity is low. (-10% MP)
                  | [potion of mutation]
 48840 | Slime:5  | Gained mutation: You are clumsy. (Dex -2) [potion of
                  | mutation]
 48842 | Slime:5  | Noticed the Royal Jelly
 48876 | Slime:4  | Learned a level 8 spell: Ignition
 48895 | Slime:4  | Lost mutation: You are clumsy. (Dex -2) [potion of
                  | mutation]
 48895 | Slime:4  | Lost mutation: Your magical capacity is low. (-10% MP)
                  | [potion of mutation]
 48895 | Slime:4  | Gained mutation: Your system is resistant to poisons.
                  | (rPois) [potion of mutation]
 48895 | Slime:4  | Gained mutation: You are agile. (Dex +2) [potion of
                  | mutation]
 48895 | Slime:4  | Gained mutation: You have a somewhat thin skeletal
                  | structure. (Dex +2, Stealth+) [potion of mutation]
 48896 | Slime:4  | Lost mutation: You are agile. (Dex +2) [potion of mutation]
 48896 | Slime:4  | Lost mutation: Your system is resistant to poisons. (rPois)
                  | [potion of mutation]
 48896 | Slime:4  | Gained mutation: You are weak. (Str -2) [potion of
                  | mutation]
 48896 | Slime:4  | Gained mutation: You are robust. (+10% HP) [potion of
                  | mutation]
 48896 | Slime:4  | Gained mutation: Your flesh is cold resistant. (rC+)
                  | [potion of mutation]
 48897 | Slime:4  | Lost mutation: You are weak. (Str -2) [potion of mutation]
 48897 | Slime:4  | Lost mutation: You are robust. (+10% HP) [potion of
                  | mutation]
 48897 | Slime:4  | Lost mutation: You sometimes lose the ability to read
                  | scrolls when taking damage. [potion of mutation]
 48897 | Slime:4  | Gained mutation: You are weak. (Str -2) [potion of
                  | mutation]
 48897 | Slime:4  | Gained mutation: Your natural rate of healing is unusually
                  | fast. [potion of mutation]
 48926 | Slime:5  | Killed the Royal Jelly
 48940 | Slime:5  | Gained mutation: You are very weak. (Str -4) [a shining
                  | eye]
 49164 | Slime:5  | Found the ring of the Octopus King
 49174 | Slime:5  | Got a slimy rune of Zot
 49210 | Slime:5  | Identified the ring of the Genius {+Blink rC+ AC+4}
 49217 | Slime:5  | Identified the ring "Bimenop" {Will+ Str+4}
 49230 | Slime:5  | Identified a ring of the Octopus King {rN+ AC+1 EV+1 Str+1
                  | Int+1 Dex+1}
 49618 | Depths:1 | Entered Level 1 of the Depths
 49618 | Depths:1 | Found a gateway to Hell.
 49758 | Depths:1 | HP: 2/175 [disintegration (77)]
 50114 | Depths:1 | Identified the +4 quarterstaff of Ifiokekh {pain, rPois
                  | rF+}
 50598 | Depths:2 | Found a one-way gateway to a ziggurat.
 50863 | Depths:2 | Noticed Nikola
 50868 | Depths:2 | Killed Nikola
 50973 | Depths:2 | Found a one-way gate leading to the halls of Pandemonium.
 51034 | Depths:2 | Noticed Sojobo
 51045 | Depths:2 | Killed Sojobo
 51133 | Depths:2 | Gained mutation: You have a pair of small antennae on your
                  | head. [a cacodemon]
 51188 | Depths:2 | Lost mutation: Your natural rate of healing is unusually
                  | fast. [potion of mutation]
 51188 | Depths:2 | Lost mutation: You are very weak. (Str -4) [potion of
                  | mutation]
 51188 | Depths:2 | Lost mutation: You are weak. (Str -2) [potion of mutation]
 51188 | Depths:2 | Gained mutation: Your flesh is heat resistant. (rF+)
                  | [potion of mutation]
 51241 | Depths:2 | Acquired 1192 gold pieces
 52341 | Depths:3 | Found a one-way gate to the infinite horrors of the Abyss.
 52557 | Depths:4 | Entered Level 4 of the Depths
 53017 | Depths:4 | Found a gate to the Realm of Zot.
 53167 | Depths:4 | Reached XP level 26. HP: 177/182 MP: 24/42
 53474 | Depths:4 | Found a burning altar of Makhleb.
 53862 | Zot:1    | Entered Level 1 of the Realm of Zot
 56848 | Zot:2    | Noticed an orb of fire
 56856 | Zot:2    | Killed an orb of fire
 56894 | Zot:2    | Reached skill level 10 in Armour
 58604 | Zot:3    | Identified the +9 scale mail "Heosex" {rPois rC+}
 59255 | Zot:4    | Reached skill level 15 in Armour
 59491 | Zot:4    | Reached skill level 11 in Earth Magic
 60062 | Zot:5    | Entered Level 5 of the Realm of Zot
 60257 | Zot:5    | Reached XP level 27. HP: 172/188 MP: 33/44
 60416 | Zot:5    | Reached skill level 12 in Earth Magic
 60476 | Zot:5    | Noticed a dread lich
 60489 | Zot:5    | Killed a dread lich
 60694 | Zot:5    | Reached skill level 13 in Earth Magic
 60770 | Zot:5    | Noticed an orb of fire
 61080 | Zot:5    | Killed an orb of fire
 61387 | Zot:5    | Reached skill level 14 in Earth Magic
 61911 | Zig:1    | Entered Level 1 of a ziggurat
 61956 | Zig:2    | Entered Level 2 of a ziggurat
 61974 | Zig:3    | Entered Level 3 of a ziggurat
 61988 | Zig:3    | Got the Incunabulum of the Hurtful Rocks
 61993 | Zig:4    | Entered Level 4 of a ziggurat
 62024 | Zig:5    | Entered Level 5 of a ziggurat
 62031 | Zig:5    | Reached skill level 15 in Earth Magic
 62059 | Zig:5    | Identified the ring "Mileuz" {rF++ Will+ rCorr}
 62074 | Zig:6    | Entered Level 6 of a ziggurat
 62079 | Zig:6    | Noticed a royal mummy
 62081 | Zig:6    | Killed a royal mummy
 62133 | Zig:6    | Got the Compendium of Summoning
 62179 | Zig:7    | Entered Level 7 of a ziggurat
 62185 | Zig:7    | Found the +7 lajatang of Order {silver, rMut}
 62197 | Zig:7    | Identified the +2 robe of Taen Jydd {rPois Str+4 Dex+3}
 62277 | Zig:8    | Entered Level 8 of a ziggurat
 62305 | Zig:8    | Identified the amulet "Lostis" {*Corrode +Inv rN+ Regen+
                  | Str+3}
 62321 | Zig:8    | Identified the amulet of the Greedy {Regen+ Int+4}
 62358 | Zig:9    | Entered Level 9 of a ziggurat
 62366 | Zig:9    | Noticed Meory the pandemonium lord
 62366 | Zig:9    | Found the +8 storm bow {elec, penet}
 62370 | Zig:9    | Killed Meory the pandemonium lord
 62371 | Zig:9    | Reached skill level 16 in Earth Magic
 62755 | Zig:10   | Entered Level 10 of a ziggurat
 62764 | Zig:10   | Noticed Rupnigg the pandemonium lord
 62765 | Zig:10   | Noticed Uhuucvetop the pandemonium lord
 62772 | Zig:10   | Reached skill level 10 in Fighting
 62772 | Zig:10   | Killed Rupnigg the pandemonium lord
 62778 | Zig:10   | Killed Uhuucvetop the pandemonium lord
 63002 | Zig:10   | Identified the +6 hand crossbow of Hubris {vorpal, rF+
                  | Will+}
 63008 | Zig:10   | Identified the +8 mace of Rumaur {protect, +Blink rCorr
                  | Int+4 Dex-5}
 63014 | Zig:10   | Got Vehumet's Compendium of Conjuration
 63059 | Zig:11   | Entered Level 11 of a ziggurat
 63164 | Zig:11   | Identified the +0 scale mail of the Spheres {+Inv rC+
                  | Stlth+}
 63167 | Zig:12   | Entered Level 12 of a ziggurat
 63273 | Zig:12   | Identified the +7 lajatang of Accord {freeze, rC+ SInv}
 63276 | Zig:12   | Identified the +1 chain mail "Xolop" {rPois rF+ rCorr
                  | Str-3}
 63277 | Zig:12   | Identified the ring "Woschuha" {MP+9 EV+4}
 63284 | Zig:12   | Identified the +9 plate armour of Holoir {rElec rN++}
 63287 | Zig:12   | Identified the +5 dagger "Zyfaz Suet" {vorpal, Will+ MP-9
                  | Stlth+}
 63298 | Zig:13   | Entered Level 13 of a ziggurat
 63414 | Zig:13   | Got Sif Muna's Guide on Vitriolic Execration
 63416 | Zig:13   | Identified the +8 quarterstaff of Tumult {antimagic, Dex+9}
 63419 | Zig:14   | Entered Level 14 of a ziggurat
 63432 | Zig:14   | Noticed a royal mummy
 63432 | Zig:14   | Noticed a royal mummy
 63432 | Zig:14   | Noticed a royal mummy
 63433 | Zig:14   | Noticed a royal mummy
 63433 | Zig:14   | Noticed a royal mummy
 63434 | Zig:14   | Noticed a royal mummy
 63435 | Zig:14   | Killed a royal mummy
 63436 | Zig:14   | Killed a royal mummy
 63437 | Zig:14   | Killed a royal mummy
 63437 | Zig:14   | Killed a royal mummy
 63438 | Zig:14   | Killed a royal mummy
 63441 | Zig:14   | Killed a royal mummy
 63579 | Zig:14   | Identified the +2 ring mail "Gonloesi" {rN+}
 63585 | Zig:14   | Identified the +8 long sword "Naih" {freeze, rElec rF-
                  | rN+++ Will++}
 63589 | Zig:14   | Reached skill level 15 in Fighting
 63885 | Zig:15   | Entered Level 15 of a ziggurat
 63936 | Zig:15   | Noticed a dread lich
 63939 | Zig:15   | Killed a dread lich
 64344 | Zig:15   | Identified the +6 falchion of Pandemonium {vorpal, Str+2}
 64351 | Zig:15   | Identified the +0 hat of Hospitality {+Blink rC+ Regen+
                  | Str-5}
 64359 | Zig:15   | Identified the +3 shortbow of the Poles {freeze, Contam
                  | rF++ Str+4 SInv}
 64365 | Zig:15   | Identified the +5 hand axe "Qinav" {drain, rF+ Will+ Int+3}
 64370 | Zig:16   | Entered Level 16 of a ziggurat
 64523 | Zig:16   | Reached skill level 17 in Earth Magic
 64534 | Zig:16   | Learned a level 9 spell: Shatter
 64541 | Zig:16   | Learned a level 6 spell: Statue Form
 64545 | Zig:16   | Identified the +8 dagger "Totile" {speed, SInv}
 64548 | Zig:17   | Entered Level 17 of a ziggurat
 64566 | Zig:17   | Reached skill level 18 in Earth Magic
 64647 | Zig:17   | Identified the +11 demon trident "Noonlusch" {vamp, rF-
                  | Str+10}
 64649 | Zig:17   | Identified the +6 arbalest "Widowmaker" {vorpal, rN+++}
 64659 | Zig:17   | Identified the +7 short sword "Paypur" {vorpal, *Noise
                  | *Corrode rElec rPois rF+++}
 64666 | Zig:18   | Entered Level 18 of a ziggurat
 64679 | Zig:18   | Noticed Tevurghekua the pandemonium lord
 64681 | Zig:18   | Killed Tevurghekua the pandemonium lord
 64739 | Zig:18   | Reached skill level 19 in Earth Magic
 64932 | Zig:18   | Found the +2 hood of the Assassin {Detection Stab+ Stlth++}
 64940 | Zig:18   | Identified the +0 pair of gloves of Benirosi {rPois Str-2
                  | Slay+2}
 64953 | Zig:18   | Identified the +0 pair of gloves of Elitism {rElec rF+
                  | Slay-5}
 64955 | Zig:18   | Identified the +6 shortbow of the Sun {flame, rN+}
 64959 | Zig:19   | Entered Level 19 of a ziggurat
 65036 | Zig:19   | Reached skill level 20 in Earth Magic
 65269 | Zig:19   | Found the +2 cloak of the Thief {*Fog Slay-2 SInv Stlth+}
 65283 | Zig:19   | Identified the ring of Tuloos {Fly rElec}
 65297 | Zig:20   | Entered Level 20 of a ziggurat
 65309 | Zig:20   | Noticed Jebuon the pandemonium lord
 65310 | Zig:20   | Noticed Nerubeg the pandemonium lord
 65311 | Zig:20   | Noticed Kuinisomp the pandemonium lord
 65312 | Zig:20   | Killed Jebuon the pandemonium lord
 65312 | Zig:20   | Noticed Zeun the pandemonium lord
 65315 | Zig:20   | Noticed Bex Xepy the pandemonium lord
 65321 | Zig:20   | Killed Nerubeg the pandemonium lord
 65321 | Zig:20   | Killed Kuinisomp the pandemonium lord
 65321 | Zig:20   | Killed Bex Xepy the pandemonium lord
 65322 | Zig:20   | Noticed Miuf the pandemonium lord
 65339 | Zig:20   | Noticed Liofon the pandemonium lord
 65345 | Zig:20   | Noticed Lautucw the pandemonium lord
 65347 | Zig:20   | Noticed Rumpaig the pandemonium lord
 65354 | Zig:20   | Noticed Neofreuj the pandemonium lord
 65358 | Zig:20   | Killed Lautucw the pandemonium lord
 65358 | Zig:20   | Killed Zeun the pandemonium lord
 65360 | Zig:20   | Noticed Lammean the pandemonium lord
 65372 | Zig:21   | Entered Level 21 of a ziggurat
 65373 | Zig:21   | Reached skill level 21 in Earth Magic
 65432 | Zig:21   | Reached skill level 22 in Earth Magic
 65460 | Zig:21   | Found the +8 longbow "Zephyr" {speed, Dex+3 SInv}
 65460 | Zig:21   | Found the +3 warlock's mirror {reflect}
 65510 | Zig:21   | Learned a level 5 spell: Lee's Rapid Deconstruction
 65765 | Zig:22   | Entered Level 22 of a ziggurat
 65785 | Zig:22   | Noticed Nile the pandemonium lord
 65789 | Zig:22   | Noticed Kadirchero the pandemonium lord
 65795 | Zig:22   | Noticed Hubaf the pandemonium lord
 65796 | Zig:22   | Noticed Qievvaj the pandemonium lord
 65796 | Zig:22   | Noticed Rauvod the pandemonium lord
 65797 | Zig:22   | Noticed Noqathry the pandemonium lord
 65797 | Zig:22   | Noticed Niomi the pandemonium lord
 65798 | Zig:22   | Killed Rauvod the pandemonium lord
 65798 | Zig:22   | Noticed Bapem the pandemonium lord
 65798 | Zig:22   | Noticed Nutipyack the pandemonium lord
 65799 | Zig:22   | Killed Hubaf the pandemonium lord
 65800 | Zig:22   | Killed Qievvaj the pandemonium lord
 65801 | Zig:22   | Killed Nutipyack the pandemonium lord
 65801 | Zig:22   | Killed Noqathry the pandemonium lord
 65802 | Zig:22   | Killed Bapem the pandemonium lord
 65804 | Zig:22   | Killed Nile the pandemonium lord
 65806 | Zig:22   | Killed Niomi the pandemonium lord
 65808 | Zig:22   | Noticed Maones Kiti the pandemonium lord
 65811 | Zig:22   | Noticed Ihumoe the pandemonium lord
 65811 | Zig:22   | Killed Maones Kiti the pandemonium lord
 65812 | Zig:22   | Reached skill level 23 in Earth Magic
 65812 | Zig:22   | Noticed Voifuaj the pandemonium lord
 65813 | Zig:22   | Noticed Odiu the pandemonium lord
 65814 | Zig:22   | Noticed Lages the pandemonium lord
 65814 | Zig:22   | Noticed Gianuint the pandemonium lord
 65815 | Zig:22   | Killed Kadirchero the pandemonium lord
 65817 | Zig:22   | Killed Ihumoe the pandemonium lord
 65818 | Zig:22   | Killed Gianuint the pandemonium lord
 65818 | Zig:22   | Killed Lages the pandemonium lord
 65818 | Zig:22   | Killed Voifuaj the pandemonium lord
 65818 | Zig:22   | Noticed Ydagef the pandemonium lord
 65821 | Zig:22   | Killed Odiu the pandemonium lord
 65823 | Zig:22   | Killed Ydagef the pandemonium lord
 65942 | Zig:22   | Reached skill level 24 in Earth Magic
 65945 | Zig:23   | Entered Level 23 of a ziggurat
 65980 | Zig:23   | Reached skill level 25 in Earth Magic
 66087 | Zig:23   | Found the +3 hat of Pondering {ponderous, Will+ MP+10
                  | Int+5}
 66133 | Zig:24   | Entered Level 24 of a ziggurat
 66280 | Zig:24   | Identified the ring of Ixyesch {rElec rC+ rN+ Str+5 Dex-4}
 66288 | Zig:24   | Identified the ring of Jeev Gai {rF+ rC+ Str+3 Dex+6 SInv}
 66304 | Zig:24   | Identified the ring "Ymais" {rElec rPois rC+ Str+7 Dex-3}
 66308 | Zig:24   | Identified the ring "Woymuer" {rC+ Slay+5}
 66316 | Zig:24   | Identified the +3 scale mail "Sidghaalu" {+Blink rC+ rCorr
                  | Int-3}
 66323 | Zig:24   | Acquired a manual of Shields
 66347 | Zig:25   | Entered Level 25 of a ziggurat
 66388 | Zig:25   | Found the +8 demon blade "Leech" {vamp, Harm Drain rN+}
 66492 | Zig:25   | Identified the amulet "Makha" {Faith rPois}
 66506 | Zig:25   | Identified the +0 pair of boots "Plog" {Int+4}
 66508 | Zig:25   | Identified the ring "Puodaog" {Drain rElec rF+ rCorr SInv}
 66513 | Zig:26   | Entered Level 26 of a ziggurat
 66693 | Zig:26   | Identified the +4 quarterstaff of Dim Light {vamp, Str+2}
 66709 | Zig:27   | Entered Level 27 of a ziggurat
 66776 | Zig:27   | Reached skill level 15 in Shields
 67267 | Zig:27   | Found the +5 robe of Night {Dark Will+ SInv}
 67267 | Zig:27   | Found the +3 robe of Clouds {*Thunder rCloud rElec}
 67267 | Zig:27   | Found the +3 Mad Mage's Maulers {Infuse+∞ RegenMP Int-3}
 67273 | Zig:27   | Identified the +3 buckler of Light {Harm +Inv Will+ Int-3}
 67284 | Zig:27   | Identified the ring of Starshine {rElec rPois Will++
                  | Stlth-}
 67314 | Zig:27   | Identified the amulet "Myeh" {Acrobat Contam rN+ Dex+8}
 67326 | Zig:27   | Identified the +1 scale mail of Indomitability {rPois Will+
                  | Int+2 Dex+3}
 67352 | Zig:1    | Entered Level 1 of a ziggurat
 67377 | Zig:2    | Entered Level 2 of a ziggurat
 67405 | Zig:3    | Entered Level 3 of a ziggurat
 67526 | Zig:4    | Entered Level 4 of a ziggurat
 67560 | Zig:5    | Entered Level 5 of a ziggurat
 67586 | Zig:5    | Identified the +6 morningstar of the Equinox {drain, Contam
                  | rF+ Str+2}
 67606 | Zig:6    | Entered Level 6 of a ziggurat
 67648 | Zig:7    | Entered Level 7 of a ziggurat
 67713 | Zig:7    | Acquired the +2 hat "Hero's Friend" {Harm Rampage Dex+3
                  | Slay-6}
 67754 | Zig:8    | Entered Level 8 of a ziggurat
 67770 | Zig:8    | Reached skill level 26 in Earth Magic
 67805 | Zig:8    | Identified the ring "Jasing Nounk" {Fly rF++ Str+3}
 67835 | Zig:9    | Entered Level 9 of a ziggurat
 67914 | Zig:9    | Learned a level 9 spell: Death's Door
 67916 | Zig:10   | Entered Level 10 of a ziggurat
 67925 | Zig:10   | Found the +5 scythe "Finisher" {speed, eviscerate}
 67929 | Zig:10   | Reached skill level 5 in Necromancy
 68009 | Zig:10   | Got the Compendium of Conjuration and Necromancy
 68020 | Zig:11   | Entered Level 11 of a ziggurat
 68030 | Zig:11   | Noticed a juggernaut
 68036 | Zig:11   | Killed a juggernaut
 68037 | Zig:11   | Reached skill level 10 in Necromancy
 68151 | Zig:11   | Learned a level 5 spell: Borgnjor's Vile Clutch
 68156 | Zig:11   | Identified the +2 leather armour of Buesiferho {Drain Int+3
                  | Slay+3}
 68158 | Zig:12   | Entered Level 12 of a ziggurat
 68264 | Zig:12   | Identified the ring of Ruorghiz {rF+ Dex+6 Slay+5}
 68271 | Zig:12   | Identified the +2 hunting sling of Jimich {vorpal, rElec
                  | rPois rC+++ Int-2}
 68275 | Zig:13   | Entered Level 13 of a ziggurat
 68298 | Zig:13   | Noticed Qiolafyf the pandemonium lord
 68312 | Zig:13   | Killed Qiolafyf the pandemonium lord
 68343 | Zig:13   | Reached skill level 15 in Necromancy
 68513 | Zig:14   | Entered Level 14 of a ziggurat
 68521 | Zig:14   | Paralysed by an air elemental for 1 turns
 68523 | Zig:14   | Paralysed by an air elemental for 1 turns
 68531 | Zig:14   | Found the +5 robe of Misfortune {Harm *Corrode *Slow EV+5}
 68629 | Zig:14   | Identified the ring of Zuemut {Fly rC+}
 68644 | Zig:15   | Entered Level 15 of a ziggurat
 68661 | Zig:15   | Found the +0 staff of Battle
 68922 | Zig:16   | Entered Level 16 of a ziggurat
 68935 | Zig:16   | Noticed Uhiptan the pandemonium lord
 68969 | Zig:16   | Killed Uhiptan the pandemonium lord
 69149 | Zig:16   | Identified the +6 spear of Ignis's Indignation {holy,
                  | Int+4}
 69363 | Zig:17   | Entered Level 17 of a ziggurat
 69378 | Zig:17   | Noticed Cing the pandemonium lord
 69378 | Zig:17   | Noticed Lyanal the pandemonium lord
 69379 | Zig:17   | Noticed Miv Hagg the pandemonium lord
 69379 | Zig:17   | Noticed Liuk the pandemonium lord
 69380 | Zig:17   | Noticed Raubryr the pandemonium lord
 69380 | Zig:17   | Noticed Ovvoforph the pandemonium lord
 69380 | Zig:17   | Noticed Diavomasch the pandemonium lord
 69381 | Zig:17   | Noticed Qukky the pandemonium lord
 69381 | Zig:17   | Noticed Geisut the pandemonium lord
 69382 | Zig:17   | Noticed Aji Rofi the pandemonium lord
 69383 | Zig:17   | Killed Miv Hagg the pandemonium lord
 69383 | Zig:17   | Killed Liuk the pandemonium lord
 69383 | Zig:17   | Noticed Kuem the pandemonium lord
 69383 | Zig:17   | Noticed Woma the pandemonium lord
 69384 | Zig:17   | Killed Kuem the pandemonium lord
 69384 | Zig:17   | Noticed Zekam the pandemonium lord
 69385 | Zig:17   | Killed Qukky the pandemonium lord
 69386 | Zig:17   | Killed Geisut the pandemonium lord
 69386 | Zig:17   | Killed Ovvoforph the pandemonium lord
 69386 | Zig:17   | Killed Raubryr the pandemonium lord
 69386 | Zig:17   | Killed Woma the pandemonium lord
 69386 | Zig:17   | Killed Zekam the pandemonium lord
 69393 | Zig:17   | Cast into level 5 of the Abyss (Diavomasch)
 69393 | Abyss:5  | Entered Level 5 of the Abyss
 69575 | Zig:17   | Escaped the Abyss
 69576 | Zig:17   | HP: 8/165 [Diavomasch the pandemonium lord (7)]
 69577 | Zig:17   | Demolished by Aji Rofi the pandemonium lord

Illustrated notes

Levels and vault maps discovered:
D:1:      shiori_arrival_oz, layout_loops_ring,
          chequers_ecumenical_altar_simple_redux, minmay_misc_feat_encased,
          minmay_misc_feat_more_columns, chequers_serial_rivers_micro_b,
          chequers_serial_rivers_large_a
D:2:      layout_loops_ring, basic_altar, hangedman_decor_slide_cut, uniq_robin,
          uniq_sigmund
D:3:      layout_basic, uniq_grinder
D:4:      layout_basic, grunt_temple_overflow_open, minmay_distorted,
          uniq_menkaure, uniq_crazy_yiuf_cottage
D:5:      minmay_recursive_quarters, layout_layer_cave, gammafunk_ghost_icy,
          uniq_blork_the_orc
D:6:      layout_loops_corners, minmay_temple_entry_proselytizer, serial_undead,
          serial_undead_f, serial_undead_b, serial_undead_a, serial_undead_c,
          serial_undead_a, serial_undead_a, uniq_edmund
D:7:      layout_rooms, uniq_pikel
D:8:      layout_gridville, mainiacjoe_overflow_concentric_impassable,
          serial_shops, nicolae_shop_statue_plus, solitary_fountain, uniq_harold
D:9:      layout_long_grid, marbit_many_paths, minmay_nine_imps
D:10:     layout_roguey
D:11:     layout_long_grid, david_lair_generic
D:12:     layout_basic, orc_0_dummy, serial_shops, nicolae_shop_waterfront,
          uniq_urug
D:13:     layout_layer_cave
D:14:     layout_gridville, grunt_vaults_entry_fortified,
          nicolae_uskayaw_suspiria
D:15:     grunt_enter_depths_hoard, layout_stronghold, nicolae_ru_path_of_blood,
          nicolae_shop_gadgets
Temple:   minmay_temple_bridge_d
Lair:1:   layout_layer_cave, chequers_serial_rivers_small_3, grunt_megastairs_4
Lair:2:   gammafunk_boulding_lane, layout_gridlike, infiniplex_staircase_pool_2
Lair:3:   layout_regular_city, swamp_mist_pool
Lair:4:   layout_loops_ring, guppyfry_snake_entry_garden, enter_volcano_3,
          hellmonk_guarded_unrand_seven_league_boots, serial_bayou_shore_b
Lair:5:   layout_cave_pods, dpeg_slime_entry_corner, serial_bayou,
          serial_bayou_shore_b, serial_bayou_lagoon_a, serial_bayou_crossing,
          serial_bayou_shore_a
Lair:6:   gammafunk_lair_ancient_temple, layout_hall_layers,
          gammafunk_lair_bear_cave, lemuel_fruit_tree, infiniplex_staircase_pool
Swamp:1:  layout_basic_swamp, evilmike_swamp_ruin_house_3, uniq_jorgrun
Swamp:2:  nicolae_swamp_ascending_descending, layout_basic_swamp,
          ebering_ghost_disaster_area, evilmike_swamp_ruin_rubble_2,
          grunt_ruined_hall
Swamp:3:  layout_falls_marsh, gammafunk_ghost_hydra_chop,
          evilmike_swamp_ruin_house_1
Swamp:4:  swamp_vile, layout_basic_swamp, portal_ice_cave_entry_pillars_four
Snake:1:  layout_basic, minmay_shop_grove
Snake:2:  layout_misc_corridors, grunt_ministairs_15, minmay_shoptagon
Snake:3:  layout_onion_interference, serial_shops, bzr_entry_customers,
          st_stairs_5, nicolae_snake_gridmaze_squiggle
Snake:4:  minmay_snake_end_coiled, layout_layer_cave, gammafunk_ghost_necromancy
Slime:1:  layout_caves
Slime:2:  cheibrodos_slime_lost_civilization_8, layout_caves
Slime:3:  cheibrodos_slime_lost_civilization_10, layout_caves
Slime:4:  layout_caves
Slime:5
Orc:1:    layout_caves, serial_shops, nicolae_shop_stone,
          ebering_ghost_inner_flame, nicolae_orc_jurassic_orc, uniq_nergalle
Orc:2:    st_orc_mages, layout_caves, serial_shops, nicolae_shop_stone, shop,
          shop, nicolae_shop_stone, minmay_orc_treasury, uniq_josephine
Elf:1:    elf_arrival_002, layout_geoelf_diagonals, minmay_elf_sorcery,
          grunt_megastairs_3, uniq_agnes
Elf:2:    elven_hall_of_blades_hangedman_alternative
          [infiniplex_blade_entry_pillars], layout_loops_cross
Elf:3:    elf_hall_gauntlet_narrow, layout_onion_city, minmay_misc_feat_rows,
          dreamdust_deal_with_the_devil, nicolae_rare_books
Vaults:1: ebering_ghost_xom, st_more_cells, ontoclasm_vaults_spin,
          vaults_room_door_ring, vaults_room_stairs_pillars,
          nicolae_vaults_angled_halls, nicolae_vaults_rhombus_6,
          layout_vaults_chaotic_city, nicolae_trove_entry_columns
Vaults:2: mu_enter_wizlab_5, nicolae_vaults_c_with_doors, v_alt_pattern_3,
          vaults_mumra_chevron, v_misc_9, grunt_vaults_bifocal,
          grunt_vaults_trifunnel, v_misc_19, ontoclasm_vaults_bender,
          nicolae_vaults_little_squares_4, v_misc_10,
          nicolae_vaults_border_crossing, ontoclasm_vaults_decontamination,
          layout_vaults_ring, uniq_mennas
Vaults:3: hangedman_vaults_variations, vaults_room_large_hall,
          hangedman_vaults_slice, nicolae_vaults_disjoint_gnomons,
          ontoclasm_vaults_gateway, ontoclasm_vaults_ring_square,
          nicolae_vaults_little_squares_6, v_rooms_3, vaults_room_semicircle,
          v_misc_25, vaults_room_stairs_pillars, layout_vaults_big_cross,
          serial_shops, nicolae_shop_trees, uniq_saint_roka, uniq_bai_suzhen
Vaults:4: ontoclasm_vaults_misaligned, nicolae_vaults_little_squares_1,
          vaults_room_large_hall, vaults_dpeg_doors,
          nicolae_vaults_angled_halls, nicolae_vaults_yaktaur_gun_rack,
          vaults_room_boxed, serial_ice_b, st_lines,
          nicolae_vaults_mini_display_case, grunt_vaults_focal,
          layout_vaults_maze_bifur
Vaults:5: uniq_mara, uniq_margery
Crypt:1:  layout_chaotic_city, serial_sigils, serial_sigils_hangedman_quiver,
          serial_sigils_hangedman_writhe, serial_sigils_hangedman_quiver,
          serial_sigils_hangedman_carve, serial_sigils_hangedman_confine,
          lemuel_upstairs_altar
Crypt:2:  layout_misc_corridors, nicolae_crypt_little_mausoleum
Crypt:3:  grunt_crypt_end_deaths_head
Depths:1: layout_forbidden_donut, hangedman_coc_ice_floe, nooodl_orcs_dogs
Depths:2: minmay_stepped, layout_gridlike, enter_ziggurat_a,
          grunt_pan_entry_zigzag, grunt_hell_entry_demonic_statue,
          infiniplex_staircase_spiral_double, uniq_sojobo, uniq_nikola
Depths:3: kennysheep_ambush_hall, layout_basic, grunt_decor_resistance,
          hell_entry, abyss_entry_crystal, chequers_serial_rivers_micro_c,
          minmay_staircase_statues_hall_small
Depths:4: grunt_x_marks_the_spot, layout_cave_shapes,
          hangedman_abyss_or_decor_lesser_grid, grunt_hell_entry_dis_grunt,
          makhleb_altar_promises_db
Zot:1:    layout_concentric_octagons
Zot:2:    lemuel_firehouse, layout_onion_interference
Zot:3:    layout_basic
Zot:4:    layout_basic
Zot:5:    layout_misc_corridors
Zig:17

Skill      XL: |  1  2  3  4  5  6  7  8  9 10 11 12 13 14 15 16 17 18 19 20 21 22 23 24 25 26 27 |
---------------+----------------------------------------------------------------------------------+-----
Fire Magic     | 3 4 5 6 9 10 11 14 15 16 18 19 20 21 22 23 24 | 24.7
Conjurations   | 2 4 5 8 11 13 15 16 18 20 22 23 24 25 | 25.8
Spellcasting   | 3 4 5 8 10 11 14 15 17 25 | 25.3
Shields        | 5 10 16 | 16.0
Fighting       | 3 8 9 15 | 15.0
Dodging        | 7 8 |  8.0
Armour         | 8 15 16 | 16.3
Evocations     | 4 8 |  8.0
Earth Magic    | 5 10 11 26 | 26.3
Necromancy     | 22 | 22.6
Stealth        | |  1.7

Action                   |  1- 3 |  4- 6 |  7- 9 | 10-12 | 13-15 | 16-18 | 19-21 | 22-24 | 25-27 || total
-------------------------+-------+-------+-------+-------+-------+-------+-------+-------+-------++-------
Melee: Dagger            |    68 |    10 |       |       |       |       |       |       |       ||    78
       Kick              |     8 |    15 |    34 |       |       |    74 |    73 |    44 |   110 ||   358
       Short sword       |       |    51 |   101 |    38 |       |       |       |       |       ||   190
       Unarmed           |       |     7 |     1 |       |       |       |       |       |       ||     8
       Punch             |       |     1 |       |       |       |       |       |       |       ||     1
       Whip              |       |       |       |   282 |       |       |       |       |       ||   282
       Staff             |       |       |       |    44 |   354 |   137 |   193 |   105 |   221 ||  1054
       Demon trident     |       |       |       |       |       |   168 |       |       |       ||   168
 Cast: Foxfire           |    13 |       |       |       |       |       |       |       |       ||    13
       Scorch            |    32 |    55 |   118 |    13 |     8 |       |     1 |       |       ||   227
       Sticky Flame      |       |       |    19 |    55 |    53 |       |       |       |       ||   127
       Flame Wave        |       |       |     2 |    46 |   113 |    36 |     4 |       |       ||   201
       Starburst         |       |       |       |       |    49 |   215 |   420 |   288 |   238 ||  1210
       Iron Shot         |       |       |       |       |       |       |    23 |    65 |   394 ||   482
       Ignition          |       |       |       |       |       |       |       |       |   112 ||   112
       Fire Storm        |       |       |       |       |       |       |       |       |   155 ||   155
       Shatter           |       |       |       |       |       |       |       |       |    89 ||    89
       Lee's Rapid Decon |       |       |       |       |       |       |       |       |    20 ||    20
Invok: Potion Petition   |       |       |       |       |       |       |     1 |       |    18 ||    19
 Abil: Hurl Damnation    |       |       |       |       |       |       |    29 |       |       ||    29
Evoke: Wand              |       |       |     1 |       |    14 |     4 |    19 |       |    23 ||    61
       Condenser vane    |       |       |       |       |       |       |       |     1 |     3 ||     4
       Phial of floods   |       |       |       |       |       |       |       |       |     1 ||     1
       Figurine of a zig |       |       |       |       |       |       |       |       |     1 ||     1
  Use: Scroll            |     2 |       |     7 |    15 |    13 |     8 |     6 |     1 |    25 ||    77
       Potion            |       |     1 |       |     1 |       |     1 |     3 |     1 |    47 ||    54
 Stab: Sleeping          |       |     3 |     1 |       |       |       |       |       |       ||     4
       Distracted        |       |       |       |     5 |       |       |     3 |     3 |     5 ||    16
       Invisible         |       |       |       |       |       |       |       |       |     3 ||     3
       Paralysed         |       |       |       |       |       |       |       |       |     1 ||     1
Armor: Robe              |    12 |     6 |       |       |       |       |       |       |       ||    18
       Leather armour    |       |    11 |     5 |       |       |       |       |       |       ||    16
       Skin              |       |     7 |       |       |       |       |       |       |       ||     7
       Ring mail         |       |       |    31 |       |       |       |       |       |       ||    31
       Scale mail        |       |       |    37 |   384 |   462 |   254 |   212 |   130 |   278 ||  1757
Dodge: Dodged            |    50 |    54 |    90 |   381 |   486 |   255 |   252 |   174 |   556 ||  2298
Block: Buckler           |       |       |     5 |   147 |   138 |       |       |       |       ||   290
       Kite shield       |       |       |       |       |   175 |   323 |   293 |   222 |   467 ||  1480
